AoeStats
← MattAtArms

Arabia

503981349Analyzed
1v1 RM · 1mo ago on Sep 3, 2026· 19m 6s· 2 players
Game mode
Random Map
Map size
Tiny (2 player)
Population
200
Speed
Normal
Resources
Standard
Victory
Conquest
Starting age
Dark Age
Ending age
Imperial Age
RankedLock teamsTeams togetherTeam positionsShared explorationLock speedFull tech treeHidden civsTurbo modeCheats
Victory
Defeat
🇨🇳 Mongols · China
2086
+9
🇬🇧 Chinese · United Kingdom
1917
-9
xingxing
6:27 Loom
8:37 Feudal Age
9:43 Double-Bit Axe
16:24 Fletching
17:04 Scale Barding Armor
19:04 Wheelbarrow
MattAtArms
0:25 Loom
8:27 Feudal Age
9:13 Double-Bit Axe
10:25 Horse Collar
20:28 Castle Age
Connection lost

Rejoining the realm…

Still unreachable

The connection could not be restored.

Session expired

The server has moved on; the page needs a fresh start.